 Dungeon Crawl Stone Soup version 0.29-a0-1008-g949cc1d0fb (webtiles) character file.

Game seed: 16022651271566864674

597 drpainis the Covert (level 7, -5/32 HPs)
             Began as a Spriggan Enchanter on Aug 7, 2022.
             Was a Believer of Ignis.
             Slain by a killer bee (7 damage)
             ... on level 5 of the Dungeon.
             The game lasted 00:19:28 (8820 turns).

drpainis the Covert (Spriggan Enchanter)            Turns: 8820, Time: 00:19:29

Health: -5/32      AC:  3    Str:  4    XL:     7   Next: 17%
Magic:  15/15      EV: 18    Int: 16    God:    Ignis [**....]
Gold:   200        SH:  0    Dex: 18    Spells: 7/16 levels left

rFire   + . .      SeeInvis +   a - +1 dagger
rCold   . . .      Faith    .   (no shield)
rNeg    . . .      Spirit   .   b - +0 robe
rPois   +          Reflect  .   (helmet restricted)
rElec   .          Harm     .   A - +0 cloak {rPois}
rCorr   .          Rampage  .   (gloves unavailable)
Will    +....                   (boots unavailable)
Stlth   ++++......              (no amulet)
HPRegen 0.10/turn               (no ring)
MPRegen 0.14/turn               (no ring)

@: very quick
A: very small, no large weapons, unfitting armour, see invisible, speed 3
a: Renounce Religion, Fiery Armour, Foxfire Swarm, Rising Flame


You were on level 5 of the Dungeon.
You worshipped Ignis.
Ignis was pleased with you.
You visited 1 branch of the dungeon, and saw 6 of its levels.

You collected 276 gold pieces.
You spent 76 gold pieces at shops.

Inventory:

Hand Weapons
 a - a +1 dagger (weapon)
 t - a +1 rapier of protection
 B - a +2 quarterstaff of chaos
Missiles
 f - 25 poisoned darts (quivered)
 g - 6 atropa-tipped darts
Armour
 b - a +0 robe (worn)
 d - a +0 cloak
 A - a +0 cloak of poison resistance (worn)
Jewellery
 o - a ring of protection from cold
 w - a ring of see invisible
Wands
 q - a wand of flame (28)
Scrolls
 h - 3 scrolls of amnesia
 j - 2 scrolls of poison
 l - 3 scrolls of butterflies
 n - a scroll of brand weapon
 p - 5 scrolls of teleportation
 r - a scroll of magic mapping {unknown}
 x - a scroll of enchant weapon {unknown}
 y - 2 scrolls of vulnerability
 z - a scroll of enchant armour {unknown}
Potions
 c - 3 potions of invisibility
 e - 2 potions of brilliance
 i - 3 potions of curing
 k - 2 potions of heal wounds
 m - a potion of mutation {unknown}
 s - a potion of lignification {unknown}
 v - a potion of degeneration {unknown}
 C - a potion of attraction {unknown}
 D - a potion of flight {unknown}


   Skills:
 + Level 0.4 Fighting
 + Level 2.3 Short Blades
 + Level 3.2 Dodging
 + Level 8.0 Stealth
 + Level 5.3 Spellcasting
 + Level 5.7 Hexes
 + Level 1.5 Ice Magic


You had 7 spell levels left.
You knew the following spells:

 Your Spells              Type           Power      Damage    Failure   Level
a - Ensorcelled Hibernat  Hex/Ice        30%        N/A       4%          2
b - Slow                  Hex            88%        N/A       1%          1
c - Confusing Touch       Hex            22%        N/A       4%          3
d - Tukima's Dance        Hex            22%        N/A       4%          3

Your spell library contained the following spells:

 Spells                   Type           Power      Damage    Failure   Level
 Freeze                   Ice            36%        1d6       9%          1
 Dazzling Flash           Conj/Hex       26%        N/A       14%         3
 Frozen Ramparts          Ice            18%        1d3       24%         3
 Ozocubu's Armour         Ice            9%         N/A       24%         3
 Vampiric Draining        Necr           4%         2d6       41%         3
 Hailstorm                Conj/Ice       6%         3d4       73%         4
 Ozocubu's Refrigeration  Ice            4%         4d8       100%        7


Dungeon Overview and Level Annotations

Branches:
Dungeon (6/15)
 Temple: D:4-7

Altars:
Elyvilon
Gozag
Yredelemnul
Ignis

Shops:
D:3 ?   D:4 *[

Annotations:
D:3 1 runed translucent door, JakeJacob's ghost, amateur DjFi
D:5 3 runed translucent doors, porpoise's ghost, novice DjFE


Innate Abilities, Weirdness & Mutations

You are very small and have problems with some larger weapons.
You are too small for most types of armour.
You have supernaturally acute eyesight. (SInv)
You cover ground extremely quickly. (Speed+++)


Message History

You hear a shout!
You hear a howl!
Found 10 gold pieces and 5 stones.
There is a stone staircase leading up here.
There are monsters nearby!
Okay, then.
The killer bee misses you.
The killer bee stings you but does no damage.
You climb upwards.
Level annotation: 3 runed translucent doors, porpoise's ghost, novice DjFE
There is a stone staircase leading down here.
You climb downwards.
The killer bee stings you!
You are poisoned.
The killer bee poisons you! The killer bee closely misses you.
The killer bee stings you. The killer bee closely misses you. x2
The killer bee barely misses you. The killer bee misses you. x2
The killer bee stings you!
There is a stone staircase leading up, spattered with blood here.
You feel very sick. The killer bee closely misses you.
The killer bee stings you.
* * * LOW HITPOINT WARNING * * *
The killer bee closely misses you. x2; The killer bee stings you.
* * * LOW HITPOINT WARNING * * *
The killer bee barely misses you. The killer bee misses you.
The killer bee completely misses you.
You climb upwards.
Level annotation: 3 runed translucent doors, porpoise's ghost, novice DjFE
* * * LOW HITPOINT WARNING * * *
You feel sick.
There is a stone staircase leading down here.
You feel better. The killer bee closely misses you. The killer bee stings you.
* * * LOW HITPOINT WARNING * * *
The killer bee closely misses you. The killer bee stings you.
* * * LOW HITPOINT WARNING * * *
The killer bee misses you. x2; The killer bee closely misses you.
The killer bee completely misses you.
The killer bee attacks as you move away!
The killer bee closely misses you.
The killer bee attacks as you move away!
The killer bee stings you!
You die...

..................### #....#
##..
.......[............####...##
##. .....................#
##...# ##
.....................## #...##
###...................####...##
##...#...............####...##
#...##......[........# ##...##
##...###.....y........## ##...#
###.....###....y@........#
##...
#.......###....yy........# ##..
.....#....##.............# ##.
...#####....#...........## ##
..## ###.............### # .##
######..........### .#
####..#......## .#
####.......## ## ##..####...##


You could see 4 killer bees.

Vanquished Creatures
  2 black bears (D:4)
  Blork the orc (D:5)
  A scorpion (D:5)
  A necrophage (D:5)
  A hound (D:5)
  A jelly (D:4)
  Crazy Yiuf (D:4)
  An iguana (D:4)
  2 gnolls
  2 white imps (D:5)
  2 worms
  3 dart slugs
  5 orcs
  7 bats
  An endoplasm (D:1)
  A giant cockroach (D:2)
  7 goblins
  6 hobgoblins
  4 quokkas
  A ball python (D:1)
  2 frilled lizards (D:2)
  12 kobolds
64 creatures vanquished.

Vanquished Creatures (collateral kills)
  A gnoll (D:5)
  2 orcs (D:5)
3 creatures vanquished.

Vanquished Creatures (others)
  4 dancing weapons (D:5)
  71 foxfires (D:2)
75 creatures vanquished.

Grand Total: 142 creatures vanquished

Notes
Turn   | Place    | Note
-------+----------+-------------------------------------------
     0 | D:1      | drpainis the Spriggan Enchanter began the quest for the
                  | Orb.
     0 | D:1      | Reached XP level 1. HP: 9/9 MP: 5/5
   694 | D:1      | Found a faded altar of an unknown god.
  1092 | D:1      | Prayed at the altar of an unknown god.
  1092 | D:1      | Became a worshipper of Ignis, the Dying Flame
  1144 | D:2      | Found a basalt altar of Yredelemnul.
  1176 | D:2      | Reached XP level 2. HP: 13/13 MP: 6/6
  1421 | D:2      | Reached skill level 5 in Stealth
  1821 | D:2      | Learned a level 2 spell: Ensorcelled Hibernation
  2603 | D:3      | Found Biguboga's Magic Scroll Boutique.
  2670 | D:3      | Bought a scroll of identify for 26 gold pieces
  2670 | D:3      | Bought a scroll of identify for 26 gold pieces
  2698 | D:3      | Reached XP level 3. HP: 16/16 MP: 6/8
  2899 | D:3      | Noticed JakeJacob's ghost (amateur DjFi)
  2906 | D:3      | Found a runed translucent door.
  3600 | D:4      | Found Hetsek's Armour Boutique.
  3687 | D:4      | Found Dato Ige's General Store.
  3989 | D:4      | Found a white marble altar of Elyvilon.
  4339 | D:4      | Reached XP level 4. HP: 21/21 MP: 10/10
  4341 | D:4      | Learned a level 1 spell: Slow
  4437 | D:4      | Noticed a black bear
  4445 | D:4      | Killed a black bear
  4446 | D:4      | Reached skill level 6 in Stealth
  4446 | D:4      | Reached XP level 5. HP: 24/24 MP: 11/11
  4806 | D:4      | Noticed a black bear
  4889 | D:4      | Killed a black bear
  4890 | D:4      | Reached skill level 7 in Stealth
  4890 | D:4      | Reached skill level 1 in Ice Magic
  4977 | D:4      | Learned a level 3 spell: Confusing Touch
  4981 | D:4      | Learned a level 3 spell: Tukima's Dance
  5069 | D:4      | Reached XP level 6. HP: 25/29 MP: 7/13
  5760 | D:4      | Found a runed translucent door.
  5761 | D:4      | Noticed Crazy Yiuf
  5768 | D:4      | Killed Crazy Yiuf
  5965 | D:4      | Bought a scroll of identify for 24 gold pieces
  6105 | D:5      | Entered Level 5 of the Dungeon
  6486 | D:5      | Reached skill level 5 in Hexes
  7442 | D:5      | Found an opulent altar of Gozag.
  7502 | D:5      | Noticed Blork the orc
  7805 | D:4      | Reached skill level 5 in Spellcasting
  7805 | D:4      | Reached XP level 7. HP: 22/32 MP: 7/15
  8184 | D:5      | Noticed porpoise's ghost (novice DjFE)
  8210 | D:5      | Found a runed translucent gate.
  8211 | D:5      | Found a runed translucent gate.
  8220 | D:5      | Killed Blork the orc
  8221 | D:5      | Reached skill level 8 in Stealth
  8473 | D:5      | Found a runed translucent gate.
  8820 | D:5      | Slain by a killer bee

Illustrated notes

Levels and vault maps discovered:
D:1:      lightli_arrival_lavapool, layout_loops_ring,
          nicolae_ecumenical_lake_church, nrook_mini_vaults, skrybe_limestone_x,
          serial_bayou_ford_a, chequers_serial_rivers_micro_a,
          chequers_mini_garden
D:2:      layout_basic, basic_altar
D:3:      layout_loops_ring, hellmonk_ghost_happy_afterlife, serial_shops, shop,
          minmay_misc_feat_five, ebering_dispersal_statue_hall
D:4:      minmay_razor_zed, layout_loops_ring,
          mainiacjoe_overflow_small_starburst, serial_shops,
          nicolae_square_shop, shop_statue, uniq_crazy_yiuf_cottage
D:5:      layout_layer_cave, kennysheep_mini, gammafunk_ghost_icy,
          uniq_blork_the_orc
D:6:      layout_basic

Skill      XL: |  1  2  3  4  5  6  7 |
---------------+----------------------+-----
Dodging        | 3 |  3.2
Stealth        | 5 6 7 8 |  8.0
Hexes          | 4 5 |  5.7
Spellcasting   | 3 4 5 |  5.3
Short Blades   | 2 |  2.3
Ice Magic      | 1 |  1.5
Fighting       | |  0.4

Action                   |  1- 3 |  4- 6 |  7- 9 || total
-------------------------+-------+-------+-------++-------
Melee: Dagger            |    81 |    92 |     3 ||   176
       Punch             |     2 |     3 |       ||     5
Throw: Dart              |     5 |       |       ||     5
 Cast: Ensorcelled Hiber |    25 |    25 |     2 ||    52
       Slow              |       |    13 |     2 ||    15
       Tukima's Dance    |       |    11 |     1 ||    12
       Confusing Touch   |       |     4 |       ||     4
Invok: Foxfire Swarm     |     5 |       |       ||     5
  Use: Scroll            |     4 |     2 |     3 ||     9
       Potion            |       |       |     1 ||     1
 Stab: Sleeping          |    19 |    17 |     3 ||    39
       Distracted        |     1 |       |       ||     1
       Confused          |       |     2 |       ||     2
Armor: Robe              |     8 |     8 |     1 ||    17
Dodge: Dodged            |    63 |    51 |    22 ||   136

Table legend: (Time is in decaauts)
 A = Elapsed time spent in this place.
 B = Non-inter-level travel time spent in this place.
 C = Inter-level travel time spent in this place.
 D = Time resting spent in this place.
 E = Time spent auto-exploring this place.
 F = Levels seen in this place.
 G = Mean time per level.
                   A        B        C        D        E       F      G
               +--------+--------+--------+--------+--------+-----+--------+
         Total |   7004 |   6927 |     77 |   3493 |   2134 |   6 | 1167.3 |
       Dungeon |   7004 |   6927 |     77 |   3493 |   2134 |   6 | 1167.3 |
               +--------+--------+--------+--------+--------+-----+--------+

Top non-repeatable levels by time:
     D:4: 2554 daAuts
     D:5: 1797 daAuts
     D:2: 1053 daAuts
     D:1: 810 daAuts
     D:3: 783 daAuts
     D:6: 4 daAuts
